[ AOE2 MATCH · #505739778 ]
UnrankedTeutons vs Muisca
Player's team · LOSS
Rival team · WIN
[ REPLAY ANALYSIS · EXTRACTED FROM THE RECORDED GAME ]
Feudal
19:40
Castle
27:53
Imperial
40:12
| APM avg | 41.5 |
| APM peak | 93 |
| eAPM avg | 24.1 |
| Villagers / military | 155 / 18 |
Focus
⚔️ 29.3% · 🌾 70.7%
Mangonel ×11 · Monk ×7
Feudal
11:15
Castle
26:57
Imperial
34:42
| APM avg | 67.4 |
| APM peak | 147 |
| eAPM avg | 37.0 |
| Villagers / military | 106 / 9 |
Focus
⚔️ 30.6% · 🌾 69.4%
Unknown (2562) ×39 · Monk ×7 · Unknown (2550) ×6 · Trade Cart ×2 · Trebuchet (Packed) ×2
Match map
Initial resources + every placement click. Lines = walls · curves = elevation contours. ◆ gold · ⬟ stone · ● berries · ✦ relic · ◌ wall gap
Your base· ✓ Closed at 27:53 · 66t walls · 2 gate(s)
Old Time's base· Open — opponent sealed themselves in
Smoothed initial terrain · ◌ = detected wall gap · hover for details
Inputs per minute
— MatzeAoE - - Old Time
Build order — MatzeAoE
First 150 of 386 actions detected
| 0:01 | Queue | Villager (Male) |
| 0:01 | Queue | Villager (Male) |
| 0:03 | Build | House |
| 0:05 | Build | House |
| 0:11 | Queue | Villager (Male) |
| 0:11 | Queue | Villager (Male) |
| 1:37 | Queue | Villager (Male) |
| 1:39 | Research | Loom |
| 2:15 | Build | Palisade Wall |
| 2:19 | Queue | Villager (Male) |
| 2:20 | Queue | Villager (Male) |
| 2:39 | Build | Palisade Wall |
| 2:50 | Queue | Villager (Male) |
| 3:15 | Queue | Villager (Male) |
| 3:20 | Build | House |
| 3:42 | Queue | Villager (Male) |
| 3:43 | Queue | Villager (Male) |
| 3:52 | Build | Palisade Gate |
| 3:53 | Build | Palisade Gate |
| 4:15 | Queue | Villager (Male) |
| 4:16 | Queue | Villager (Male) |
| 4:23 | Build | Palisade Wall |
| 4:28 | Build | Palisade Wall |
| 4:31 | Queue | Villager (Male) |
| 4:31 | Queue | Villager (Male) |
| 4:48 | Queue | Villager (Male) |
| 4:48 | Queue | Villager (Male) |
| 5:14 | Queue | Villager (Male) |
| 5:14 | Queue | Villager (Male) |
| 6:02 | Build | House |
| 6:15 | Queue | Villager (Male) |
| 6:16 | Queue | Villager (Male) |
| 6:36 | Build | House |
| 6:45 | Queue | Villager (Male) |
| 6:45 | Queue | Villager (Male) |
| 6:55 | Build | House |
| 7:09 | Queue | Villager (Male) |
| 7:56 | Queue | Villager (Male) |
| 7:57 | Queue | Villager (Male) |
| 7:58 | Queue | Villager (Male) |
| 7:58 | Queue | Villager (Male) |
| 8:51 | Build | Lumber Camp |
| 8:58 | Queue | Villager (Male) |
| 9:02 | Build | Palisade Wall |
| 9:07 | Build | Palisade Wall |
| 9:08 | Build | Palisade Wall |
| 9:10 | Build | Palisade Wall |
| 9:12 | Build | Palisade Wall |
| 9:17 | Queue | Villager (Male) |
| 9:30 | Queue | Villager (Male) |
| 10:05 | Build | House |
| 10:06 | Build | House |
| 10:22 | Queue | Villager (Male) |
| 10:22 | Queue | Villager (Male) |
| 10:25 | Queue | Villager (Male) |
| 10:25 | Queue | Villager (Male) |
| 11:19 | Build | Mill |
| 11:25 | Build | Palisade Wall |
| 11:36 | Build | Lumber Camp |
| 11:39 | Queue | Villager (Male) |
| 11:39 | Queue | Villager (Male) |
| 12:11 | Build | Palisade Wall |
| 12:33 | Queue | Villager (Male) |
| 12:35 | Queue | Villager (Male) |
| 12:42 | Queue | Villager (Male) |
| 12:44 | Build | Palisade Wall |
| 13:06 | Queue | Villager (Male) |
| 13:10 | Queue | Villager (Male) |
| 13:39 | Build | House |
| 13:41 | Build | House |
| 13:50 | Queue | Villager (Male) |
| 13:51 | Build | House |
| 14:02 | Build | Palisade Wall |
| 14:30 | Queue | Villager (Male) |
| 14:34 | Build | Palisade Wall |
| 14:39 | Queue | Villager (Male) |
| 14:47 | Build | Palisade Wall |
| 14:49 | Build | Palisade Wall |
| 14:50 | Build | Palisade Wall |
| 14:54 | Build | Palisade Wall |
| 15:07 | Build | Mill |
| 15:08 | Build | Farm |
| 15:08 | Build | Farm |
| 15:08 | Build | Farm |
| 15:08 | Build | Farm |
| 15:08 | Build | Farm |
| 15:09 | Build | Farm |
| 15:09 | Build | Farm |
| 15:31 | Queue | Villager (Male) |
| 15:37 | Queue | Villager (Male) |
| 16:07 | Build | Palisade Wall |
| 16:18 | Build | Farm |
| 16:29 | Build | Mill |
| 16:31 | Build | Farm |
| 16:32 | Queue | Villager (Male) |
| 16:34 | Build | Palisade Wall |
| 16:44 | Build | House |
| 17:14 | Build | Palisade Wall |
| 17:19 | Build | Palisade Wall |
| 17:20 | Build | Palisade Wall |
| 17:30 | Research | Feudal Age |
| 17:38 | Queue | Villager (Male) |
| 17:45 | Build | Palisade Wall |
| 17:50 | Queue | Villager (Male) |
| 18:20 | Build | Palisade Wall |
| 18:27 | Queue | Villager (Male) |
| 18:32 | Build | Palisade Wall |
| 18:45 | Queue | Villager (Male) |
| 18:46 | Build | Palisade Wall |
| 18:55 | Queue | Villager (Male) |
| 19:19 | Queue | Villager (Male) |
| 19:40 | Age | Feudal Age |
| 19:43 | Build | Watch Tower |
| 19:44 | Queue | Villager (Male) |
| 20:02 | Queue | Villager (Male) |
| 20:33 | Build | Lumber Camp |
| 20:38 | Queue | Villager (Male) |
| 20:48 | Build | Stone Wall |
| 20:49 | Build | Stone Wall |
| 20:51 | Build | Stone Wall |
| 20:53 | Build | Stone Wall |
| 20:54 | Build | Stone Wall |
| 20:56 | Build | Stone Wall |
| 20:57 | Build | Stone Wall |
| 21:24 | Research | Horse Collar |
| 21:28 | Research | Double-Bit Axe |
| 21:28 | Research | Double-Bit Axe |
| 21:36 | Build | Farm |
| 21:36 | Build | Farm |
| 21:36 | Build | Farm |
| 21:37 | Build | Farm |
| 21:37 | Build | Farm |
| 21:37 | Build | Farm |
| 21:37 | Build | Farm |
| 21:38 | Build | Farm |
| 21:38 | Build | Farm |
| 21:38 | Build | Farm |
| 21:51 | Research | Wheelbarrow |
| 22:18 | Queue | Villager (Male) |
| 22:27 | Build | Mining Camp |
| 22:42 | Build | Palisade Wall |
| 22:43 | Build | House |
| 22:53 | Build | Palisade Wall |
| 22:54 | Build | Palisade Wall |
| 23:00 | Build | Stone Wall |
| 23:02 | Build | Stone Wall |
| 23:26 | Build | Stone Wall |
| 23:31 | Build | Stone Wall |
| 23:36 | Build | Stone Wall |
| 23:48 | Build | Market |
Build order — Old Time
First 150 of 301 actions detected
| 0:01 | Queue | Villager (Male) |
| 0:01 | Queue | Villager (Male) |
| 0:02 | Build | House |
| 0:02 | Build | House |
| 0:17 | Queue | Villager (Male) |
| 0:39 | Queue | Villager (Male) |
| 1:28 | Build | House |
| 1:36 | Queue | Villager (Male) |
| 1:36 | Queue | Villager (Male) |
| 1:38 | Build | Palisade Wall |
| 1:51 | Queue | Villager (Male) |
| 1:57 | Build | Palisade Wall |
| 2:30 | Queue | Villager (Male) |
| 2:30 | Queue | Villager (Male) |
| 2:34 | Build | Settlement |
| 2:48 | Queue | Villager (Male) |
| 2:48 | Queue | Villager (Male) |
| 3:14 | Queue | Villager (Male) |
| 3:14 | Queue | Villager (Male) |
| 3:31 | Queue | Villager (Male) |
| 3:46 | Queue | Villager (Male) |
| 4:04 | Queue | Villager (Male) |
| 4:13 | Research | Loom |
| 4:18 | Build | Palisade Wall |
| 4:32 | Queue | Villager (Male) |
| 4:46 | Build | Palisade Gate |
| 4:49 | Build | House |
| 4:50 | Build | Palisade Wall |
| 5:42 | Queue | Villager (Male) |
| 5:42 | Queue | Villager (Male) |
| 5:54 | Queue | Villager (Male) |
| 6:08 | Queue | Villager (Male) |
| 6:23 | Build | Palisade Wall |
| 6:32 | Queue | Villager (Male) |
| 6:57 | Queue | Villager (Male) |
| 7:05 | Queue | Villager (Male) |
| 7:14 | Queue | Villager (Male) |
| 7:25 | Queue | Villager (Male) |
| 7:41 | Queue | Villager (Male) |
| 7:50 | Queue | Villager (Male) |
| 8:05 | Queue | Villager (Male) |
| 8:14 | Queue | Villager (Male) |
| 8:40 | Queue | Villager (Male) |
| 8:44 | Build | House |
| 8:49 | Build | Settlement |
| 9:05 | Research | Feudal Age |
| 9:05 | Research | Feudal Age |
| 10:00 | Queue | Villager (Male) |
| 10:24 | Queue | Villager (Male) |
| 11:15 | Age | Feudal Age |
| 11:21 | Research | Double-Bit Axe |
| 11:21 | Research | Double-Bit Axe |
| 11:29 | Queue | Villager (Male) |
| 11:48 | Build | Barracks |
| 11:51 | Queue | Villager (Male) |
| 11:58 | Queue | Villager (Male) |
| 12:23 | Research | Wheelbarrow |
| 12:43 | Queue | Unit 2550 |
| 12:45 | Queue | Villager (Male) |
| 12:53 | Queue | Villager (Male) |
| 13:02 | Queue | Villager (Male) |
| 13:04 | Queue | Unit 2550 |
| 13:28 | Queue | Unit 2550 |
| 13:42 | Build | House |
| 13:45 | Build | House |
| 13:53 | Build | House |
| 13:55 | Build | Stone Wall |
| 13:56 | Build | Stone Wall |
| 14:08 | Build | Stone Wall |
| 14:10 | Build | Stone Wall |
| 14:16 | Build | Stone Wall |
| 14:18 | Build | Stone Wall |
| 14:19 | Build | Stone Wall |
| 14:21 | Build | Stone Wall |
| 14:24 | Queue | Villager (Male) |
| 14:34 | Build | House |
| 14:41 | Build | Watch Tower |
| 14:48 | Research | Tech 1402 |
| 14:49 | Research | Tech 1402 |
| 15:05 | Build | Watch Tower |
| 15:08 | Build | Settlement |
| 15:29 | Queue | Villager (Male) |
| 15:29 | Queue | Villager (Male) |
| 15:32 | Build | Farm |
| 15:33 | Build | Farm |
| 15:58 | Build | Farm |
| 16:04 | Queue | Villager (Male) |
| 16:04 | Queue | Villager (Male) |
| 16:31 | Build | Farm |
| 16:35 | Queue | Villager (Male) |
| 16:48 | Build | Watch Tower |
| 17:05 | Queue | Villager (Male) |
| 17:06 | Queue | Villager (Male) |
| 17:20 | Queue | Villager (Male) |
| 17:30 | Queue | Villager (Male) |
| 17:54 | Queue | Villager (Male) |
| 17:56 | Build | Farm |
| 18:04 | Build | House |
| 18:08 | Build | Stone Wall |
| 18:23 | Queue | Villager (Male) |
| 18:33 | Queue | Unit 2550 |
| 18:41 | Queue | Villager (Male) |
| 18:47 | Queue | Unit 2550 |
| 19:02 | Queue | Villager (Male) |
| 19:26 | Queue | Unit 2550 |
| 19:34 | Build | Watch Tower |
| 19:44 | Queue | Villager (Male) |
| 20:06 | Queue | Villager (Male) |
| 20:10 | Build | Farm |
| 20:11 | Build | Farm |
| 20:11 | Build | Farm |
| 20:11 | Build | Farm |
| 20:11 | Build | Farm |
| 20:25 | Queue | Villager (Male) |
| 20:36 | Build | Stone Wall |
| 20:39 | Queue | Villager (Male) |
| 20:41 | Build | Stone Wall |
| 20:42 | Build | Stone Wall |
| 20:43 | Build | Stone Wall |
| 20:45 | Build | Stone Wall |
| 20:59 | Queue | Villager (Male) |
| 21:00 | Build | Farm |
| 21:01 | Build | Farm |
| 21:08 | Queue | Villager (Male) |
| 21:36 | Queue | Villager (Male) |
| 21:50 | Build | House |
| 22:01 | Build | Market |
| 22:03 | Queue | Villager (Male) |
| 22:06 | Build | House |
| 22:14 | Build | Farm |
| 22:49 | Queue | Villager (Male) |
| 22:51 | Build | Farm |
| 23:18 | Queue | Villager (Male) |
| 23:50 | Build | Blacksmith |
| 24:16 | Research | Castle Age |
| 24:28 | Research | Horse Collar |
| 24:28 | Research | Horse Collar |
| 25:20 | Research | Gold Mining |
| 25:20 | Research | Gold Mining |
| 25:20 | Research | Gold Mining |
| 25:24 | Build | House |
| 25:41 | Build | Stone Wall |
| 25:48 | Build | Barracks |
| 25:54 | Build | Barracks |
| 26:07 | Build | Stone Wall |
| 26:51 | Research | Fletching |
| 26:52 | Research | Fletching |
| 26:53 | Queue | Villager (Male) |
| 26:57 | Age | Castle Age |
| 26:59 | Build | Monastery |
Match timeline
| 1:38 | Old Time · wall_segment Palisade Wall x1 |
| 1:57 | Old Time · wall_segment Palisade Wall x1 |
| 2:15 | MatzeAoE · wall_segment Palisade Wall x6 |
| 2:39 | MatzeAoE · wall_segment Palisade Wall x1 |
| 4:18 | Old Time · wall_segment Palisade Wall x1 |
| 4:23 | MatzeAoE · wall_segment Palisade Wall x2 |
| 4:28 | MatzeAoE · wall_segment Palisade Wall x3 |
| 4:50 | Old Time · wall_segment Palisade Wall x1 |
| 6:23 | Old Time · wall_segment Palisade Wall x7 |
| 9:02 | MatzeAoE · wall_segment Palisade Wall x4 |
| 9:07 | MatzeAoE · wall_segment Palisade Wall x1 |
| 9:08 | MatzeAoE · wall_segment Palisade Wall x2 |
| 9:10 | MatzeAoE · wall_segment Palisade Wall x2 |
| 9:12 | MatzeAoE · wall_segment Palisade Wall x1 |
| 11:15 | Old Time · age_up feudal |
| 11:25 | MatzeAoE · wall_segment Palisade Wall x6 |
| 11:48 | Old Time · first_building Barracks |
| 12:11 | MatzeAoE · wall_segment Palisade Wall x1 |
| 12:44 | MatzeAoE · wall_segment Palisade Wall x1 |
| 13:55 | Old Time · wall_segment Stone Wall x1 |
| 13:56 | Old Time · wall_segment Stone Wall x1 |
| 14:02 | MatzeAoE · wall_segment Palisade Wall x1 |
| 14:08 | Old Time · wall_segment Stone Wall x1 |
| 14:10 | Old Time · wall_segment Stone Wall x1 |
| 14:16 | Old Time · wall_segment Stone Wall x1 |
| 14:18 | Old Time · wall_segment Stone Wall x1 |
| 14:19 | Old Time · wall_segment Stone Wall x1 |
| 14:21 | Old Time · wall_segment Stone Wall x1 |
| 14:34 | MatzeAoE · wall_segment Palisade Wall x1 |
| 14:47 | MatzeAoE · wall_segment Palisade Wall x1 |
| 14:49 | MatzeAoE · wall_segment Palisade Wall x1 |
| 14:50 | MatzeAoE · wall_segment Palisade Wall x1 |
| 14:54 | MatzeAoE · wall_segment Palisade Wall x1 |
| 16:07 | MatzeAoE · wall_segment Palisade Wall x5 |
| 16:34 | MatzeAoE · wall_segment Palisade Wall x6 |
| 17:14 | MatzeAoE · wall_segment Palisade Wall x1 |
| 17:19 | MatzeAoE · wall_segment Palisade Wall x1 |
| 17:20 | MatzeAoE · wall_segment Palisade Wall x1 |
| 17:45 | MatzeAoE · wall_segment Palisade Wall x1 |
| 18:08 | Old Time · wall_segment Stone Wall x1 |
| 18:20 | MatzeAoE · wall_segment Palisade Wall x3 |
| 18:32 | MatzeAoE · wall_segment Palisade Wall x1 |
| 18:46 | MatzeAoE · wall_segment Palisade Wall x1 |
| 19:40 | MatzeAoE · age_up feudal |
| 20:36 | Old Time · wall_segment Stone Wall x1 |
| 20:41 | Old Time · wall_segment Stone Wall x1 |
| 20:42 | Old Time · wall_segment Stone Wall x1 |
| 20:43 | Old Time · wall_segment Stone Wall x1 |
| 20:45 | Old Time · wall_segment Stone Wall x1 |
| 20:48 | MatzeAoE · wall_segment Stone Wall x1 |
| 20:49 | MatzeAoE · wall_segment Stone Wall x1 |
| 20:51 | MatzeAoE · wall_segment Stone Wall x1 |
| 20:53 | MatzeAoE · wall_segment Stone Wall x1 |
| 20:54 | MatzeAoE · wall_segment Stone Wall x1 |
| 20:56 | MatzeAoE · wall_segment Stone Wall x1 |
| 20:57 | MatzeAoE · wall_segment Stone Wall x1 |
| 22:42 | MatzeAoE · wall_segment Palisade Wall x1 |
| 22:53 | MatzeAoE · wall_segment Palisade Wall x1 |
| 22:54 | MatzeAoE · wall_segment Palisade Wall x1 |
| 23:00 | MatzeAoE · wall_segment Stone Wall x1 |
| 23:02 | MatzeAoE · wall_segment Stone Wall x1 |
| 23:26 | MatzeAoE · wall_segment Stone Wall x1 |
| 23:31 | MatzeAoE · wall_segment Stone Wall x1 |
| 23:36 | MatzeAoE · wall_segment Stone Wall x1 |
| 24:07 | MatzeAoE · wall_segment Stone Wall x1 |
| 24:17 | MatzeAoE · wall_segment Stone Wall x1 |
| 24:19 | MatzeAoE · wall_segment Stone Wall x1 |
| 25:23 | MatzeAoE · wall_segment Stone Wall x1 |
| 25:41 | Old Time · wall_segment Stone Wall x1 |
| 26:07 | Old Time · wall_segment Stone Wall x1 |
| 26:57 | Old Time · age_up castle |
| 26:59 | Old Time · first_building Monastery |
| 27:08 | Old Time · first_building Castle |
| 27:33 | MatzeAoE · wall_segment Stone Wall x8 |
| 27:39 | MatzeAoE · wall_segment Stone Wall x7 |
| 27:51 | Old Time · first_building Siege Workshop |
| 27:53 | MatzeAoE · age_up castle |
| 27:55 | MatzeAoE · wall_segment Stone Wall x2 |
| 28:00 | MatzeAoE · first_building Siege Workshop |
| 28:10 | MatzeAoE · first_building Monastery |
| 28:38 | MatzeAoE · wall_segment Stone Wall x7 |
| 28:43 | MatzeAoE · first_market_sell 100 food |
| 29:31 | MatzeAoE · wall_segment Stone Wall x6 |
| 30:43 | MatzeAoE · wall_segment Stone Wall x8 |
| 30:49 | MatzeAoE · wall_segment Stone Wall x8 |
| 30:50 | Old Time · first_market_sell 500 wood |
| 30:54 | Old Time · first_market_buy 100 food |
| 34:42 | Old Time · age_up imperial |
| 35:51 | MatzeAoE · first_building Barracks |
| 37:35 | MatzeAoE · wall_segment Stone Wall x17 |
| 37:40 | MatzeAoE · wall_segment Stone Wall x9 |
| 40:12 | MatzeAoE · age_up imperial |
| 44:22 | MatzeAoE · resign |
[ AI ANALYSIS · 1 CREDIT ]
What really happened in this match?
Wolo.gg analyzes every decision: build order, eco, micro, common mistakes by bracket. Personalized analysis on WhatsApp or Discord in 30 seconds.
Civ guide
Teutons
Perfil
Jugador #25940851